Map: Abyssal Reef LE

Players

TLO

  • Race: Zerg Zerg
  • Spawn Location: 11:00

Neeb - Winner!

  • Race: Protoss Protoss
  • Spawn Location: 5:00

Event: WCS Austin 2017

VOD

Have the link to the VOD?

Description

Time

  • Played on: April 28, 2017, 8:16 p.m.
  • Length: 15:36

All games in this series

Show
View Real Time Build Order
Export as new Build Order

TLO Zerg 

Build Orders: Pool First 

Get SALT Encoding   

  12  0:18  Spawning Pool  
  11  0:22  Drone  
  11  0:26  Drone  
  13  0:31  Drone  
  14  0:39  Overlord  
  14  1:05  Zergling x4  
  14  1:06  Zergling x2  
  17  1:16  Zergling x2  
  18  1:20  Hatchery  
  17  1:29  Zergling x2  
  18  1:35  Queen  
  20  1:43  Overlord  
  20  1:48  Drone  
  21  1:59  Drone  
  22  2:06  Extractor  
  21  2:11  Drone, Queen  
  24  2:21  Drone  
  25  2:34  Drone x2  
  26  2:48  Drone x2  
  26  2:54  Zergling x2  
  26  2:56  Zergling x2, Overlord  
  29  2:58  Drone  
  29  3:03  Drone  
  29  3:06  Drone  
  29  3:11  Drone  
  31  3:16  Drone, Metabolic Boost  
  32  3:22  Drone x3  
  35  3:27  Zergling x2  
  35  3:30  Drone x2  
  38  3:35  Zergling x2  
  38  3:37  Overlord  
  38  3:41  Zergling x2  
  40  3:52  Zergling x2  
  40  3:56  Drone  
  40  3:57  Drone  
  40  3:58  Drone, Overlord  
  40  3:59  Drone  
  40  4:00  Drone  
  45  4:09  Drone, Hatchery  
  45  4:11  Drone  
  45  4:15  Overlord  
  46  4:20  Evolution Chamber  
  46  4:21  Drone  
  46  4:24  Spore Crawler  
  43  4:33  Drone, Evolution Chamber  
  43  4:34  Drone  
  43  4:38  Drone  
  43  4:40  Spore Crawler  
  43  4:41  Drone x2  
  43  4:43  Drone  
  44  4:45  Extractor  
  44  4:46  Drone  
  44  4:48  Drone  
  44  4:50  Zerg Missile Weapons Level 1  
  44  4:52  Drone  
  47  4:53  Drone  
  47  4:57  Drone  
  49  5:00  Drone  
  49  5:01  Queen  
  52  5:07  Drone  
  52  5:10  Overlord  
  52  5:12  Overlord  
  53  5:14  Drone  
  53  5:17  Overlord  
  53  5:18  Overlord  
  53  5:20  Drone  
  55  5:21  Extractor  
  55  5:22  Zergling x2  
  55  5:25  Overlord  
  55  5:31  Spore Crawler  
  55  5:35  Overlord  
  55  5:37  Lair  
  55  5:38  Drone  
  55  5:39  Drone, Spore Crawler  
  55  5:42  Drone x2  
  58  5:47  Drone  
  58  5:48  Drone  
  58  5:49  Drone  
  61  5:51  Drone  
  61  5:52  Drone x2, Extractor  
  61  5:54  Drone  
  61  5:55  Zergling x2  
  64  5:59  Zergling x4  
  64  6:01  Zergling x2  
  67  6:05  Zergling x2  
  67  6:06  Zergling x4  
  67  6:07  Zergling x2  
  71  6:11  Queen  
  71  6:15  Evolution Chamber  
  71  6:17  Evolution Chamber  
  70  6:20  Drone x2  
  70  6:21  Drone x2  
  70  6:23  Overlord  
  74  6:25  Drone  
  74  6:29  Drone  
  74  6:30  Drone  
  74  6:31  Drone x2  
  80  6:35  Drone  
  80  6:37  Hydralisk Den  
  80  6:42  Drone x3  
  80  6:44  Drone  
  80  6:46  Zerg Missile Weapons Level 2  
  79  6:47  Drone  
  79  6:49  Extractor  
  79  6:50  Extractor  
  79  6:52  Drone  
  79  6:54  Drone  
  79  6:55  Extractor  
  79  6:57  Drone  
  79  6:58  Drone  
  76  7:03  Drone  
  76  7:06  Drone  
  76  7:07  Hydralisk  
  76  7:11  Muscular Augments  
  76  7:12  Hatchery  
  76  7:14  Drone  
  76  7:18  Drone  
  76  7:20  Hydralisk x3  
  76  7:22  Hydralisk  
  83  7:25  Drone  
  83  7:28  Hydralisk  
  88  7:31  Baneling Nest  
  88  7:35  Overlord  
  87  7:40  Hydralisk x3  
  93  7:44  Drone  
  93  7:45  Drone  
  93  7:48  Drone  
  93  7:49  Drone  
  93  7:50  Drone x3  
  93  7:51  Hydralisk  
  100  7:54  Zergling x4  
  104  7:59  Queen, Zergling x2  
  104  8:01  Overlord  
  104  8:03  Hydralisk  
  109  8:06  Zergling x4  
  109  8:08  Zergling x2  
  109  8:10  Zergling x2  
  113  8:14  Centrifical Hooks  
  113  8:16  Drone  
  113  8:18  Spore Crawler  
  113  8:22  Infestation Pit, Hydralisk  
  114  8:31  Spire  
  114  8:32  Drone  
  114  8:35  Zergling x2  
  114  8:36  Baneling x6  
  114  8:38  Baneling  
  114  8:40  Drone  
  116  8:41  Zergling x4  
  116  8:42  Zergling x8, Extractor x2  
  120  8:54  Zergling x18  
  128  9:11  Hive  
  128  9:12  Zergling x2  
  128  9:14  Hydralisk x2, Baneling x6  
  128  9:16  Zerg Melee Weapons Level 1  
  132  9:17  Zergling x4  
  132  9:18  Drone  
  132  9:20  Evolution Chamber  
  134  9:28  Hydralisk  
  134  9:29  Hydralisk x2  
  134  9:30  Zergling x2  
  136  9:35  Infestor  
  136  9:41  Zergling x6  
  136  9:42  Zergling x2  
  136  9:43  Hydralisk  
  132  9:48  Drone  
  132  9:51  Zergling x2, Corruptor x2  
  132  9:52  Corruptor  
  140  9:59  Hydralisk  
  136  10:00  Hydralisk x2  
  136  10:01  Zergling x4  
  136  10:03  Hydralisk x2  
  141  10:07  Hydralisk x2  
  141  10:08  Hydralisk  
  141  10:09  Zergling x4  
  141  10:11  Hydralisk  
  141  10:12  Zergling x2  
  142  10:18  Hydralisk x2  
  142  10:19  Hydralisk  
  138  10:22  Hydralisk x2  
  138  10:23  Zergling x4  
  138  10:24  Zergling x6  
  138  10:25  Baneling  
  138  10:26  Zergling x4  
  138  10:27  Zergling x4  
  137  10:30  Hydralisk  
  137  10:31  Zergling x2  
  137  10:32  Baneling x4  
  137  10:33  Baneling  
  137  10:34  Zergling x2  
  141  10:38  Greater Spire  
  141  10:39  Zergling x2  
  141  10:40  Zergling x2  
  141  10:42  Overlord  
  143  10:47  Overlord  
  143  10:55  Hydralisk x2  
  140  10:58  Zergling x2  
  140  10:59  Hydralisk  
  140  11:01  Zergling x6  
  140  11:02  Zergling x2  
  140  11:03  Zergling x2  
  138  11:04  Zergling x2  
  138  11:05  Zergling x2  
  138  11:06  Zergling x2  
  138  11:07  Zergling x2  
  138  11:09  Zergling x6  
  138  11:11  Corruptor x2  
  147  11:20  Zergling x2  
  147  11:21  Baneling  
  147  11:22  Baneling  
  148  11:30  Corruptor  
  148  11:32  Zerg Ground Armor Level 1, Zerg Melee Weapons Level 2  
  150  11:39  Zergling x2  
  151  11:40  Zergling x2  
  152  11:48  Zergling x4  
  152  11:51  Brood Lord  
  157  11:54  Zergling x2  
  157  11:55  Evolution Chamber  
  157  11:56  Zergling x4, Evolution Chamber  
  157  11:57  Brood Lord  
  157  11:59  Zergling x4  
  150  12:01  Zergling x2  
  150  12:02  Zergling x6  
  150  12:03  Zergling x2  
  150  12:04  Zergling x2  
  150  12:06  Zergling x2  
  150  12:08  Hydralisk  
  122  12:10  Hydralisk x2  
  122  12:11  Hydralisk x2  
  122  12:13  Hydralisk  
  103  12:18  Hydralisk  
  103  12:19  Hydralisk  
  103  12:22  Hydralisk  
  100  12:25  Hydralisk  
  100  12:29  Hydralisk  
  100  12:34  Hydralisk  
  94  12:40  Brood Lord  
  94  12:41  Hydralisk  
  96  12:46  Corruptor  
  96  12:50  Zergling x4  
  101  12:51  Zergling x2  
  101  12:52  Zergling x2  
  101  12:53  Zergling x2  
  103  12:59  Zergling x2  
  103  13:00  Corruptor  
  103  13:02  Zergling x2  
  107  13:14  Corruptor  
  107  13:15  Hatchery  
  110  13:27  Brood Lord  
  110  13:28  Evolution Chamber  
  110  13:29  Corruptor  
  110  13:33  Evolution Chamber  
  110  13:39  Brood Lord  
  110  13:41  Corruptor  
  109  13:49  Zergling x2, Brood Lord  
  112  14:03  Brood Lord  
  106  14:17  Drone  
  106  14:20  Drone x2  
  106  14:24  Hatchery  
  106  14:30  Drone  
  104  14:42  Brood Lord  
  104  14:44  Corruptor  
  108  14:51  Corruptor  
  110  14:55  Spore Crawler  
Show
View Real Time Build Order
Export as new Build Order

Neeb Protoss - Winner!

Build Orders:  

Get SALT Encoding   

  12  0:00  Probe (Chrono Boost)  
  13  0:11  Probe (Chrono Boost)  
  14  0:18  Pylon  
  14  0:22  Probe (Chrono Boost)  
  15  0:37  Probe (Chrono Boost)  
  15  0:40  Gateway  
  16  0:47  Probe (Chrono Boost)  
  17  0:51  Assimilator  
  17  0:58  Probe (Chrono Boost)  
  17  1:00  Pylon  
  18  1:08  Probe (Chrono Boost)  
  19  1:19  Probe (Chrono Boost)  
  19  1:23  Pylon  
  19  1:24  Zealot  
  20  1:27  Cybernetics Core  
  20  1:31  Probe (Chrono Boost)  
  23  1:38  Gateway  
  25  2:12  Nexus  
  25  2:25  Adept  
  25  2:38  Cybernetics Core  
  25  2:42  Gateway  
  25  2:44  Probe (Chrono Boost)  
  24  2:54  Probe (Chrono Boost)  
  25  3:05  Probe (Chrono Boost)  
  26  3:07  Assimilator  
  26  3:08  Warp Gate  
  26  3:14  Adept  
  26  3:15  Probe (Chrono Boost)  
  29  3:26  Probe (Chrono Boost)  
  30  3:28  Probe (Chrono Boost)  
  31  3:35  Stargate  
  31  3:36  Probe (Chrono Boost)  
  31  3:40  Probe (Chrono Boost)  
  33  3:47  Probe (Chrono Boost)  
  34  3:51  Probe (Chrono Boost)  
  35  3:58  Probe (Chrono Boost)  
  35  4:01  Probe (Chrono Boost)  
  35  4:02  Pylon  
  37  4:08  Gateway  
  38  4:10  Probe (Chrono Boost)  
  38  4:12  Probe (Chrono Boost)  
  38  4:15  Oracle  
  39  4:22  Probe (Chrono Boost)  
  43  4:26  Probe (Chrono Boost)  
  44  4:34  Probe (Chrono Boost)  
  46  4:38  Probe (Chrono Boost)  
  46  4:45  Pylon  
  46  4:48  Mothership Core (Chrono Boost), Phoenix  
  46  4:50  Probe (Chrono Boost)  
  47  4:57  Pylon  
  47  5:01  Probe (Chrono Boost)  
  49  5:08  Assimilator, Probe (Chrono Boost)  
  49  5:10  Adept x2  
  49  5:11  Adept  
  49  5:12  Oracle  
  56  5:14  Probe (Chrono Boost)  
  60  5:23  Probe (Chrono Boost)  
  60  5:25  Nexus  
  60  5:38  Pylon  
  60  5:41  Adept x3  
  60  5:42  Probe (Chrono Boost)  
  68  5:44  Probe (Chrono Boost)  
  68  5:48  Pylon  
  68  5:53  Assimilator, Probe (Chrono Boost)  
  69  6:00  Robotics Facility  
  69  6:02  Probe (Chrono Boost)  
  70  6:05  Probe (Chrono Boost)  
  70  6:09  Sentry x2  
  70  6:11  Zealot  
  77  6:15  Probe (Chrono Boost)  
  77  6:17  Probe (Chrono Boost)  
  79  6:24  Pylon  
  79  6:27  Probe (Chrono Boost)  
  79  6:28  Probe (Chrono Boost)  
  81  6:38  Probe (Chrono Boost)  
  81  6:39  Probe (Chrono Boost)  
  83  6:45  Twilight Council  
  83  6:46  Sentry  
  83  6:47  Forge, Zealot  
  83  6:48  Observer  
  83  6:49  Assimilator, Probe (Chrono Boost)  
  83  6:50  Assimilator  
  83  6:51  Probe x2 (Chrono Boost)  
  87  6:59  Probe (Chrono Boost)  
  88  7:02  Probe (Chrono Boost)  
  88  7:04  Probe (Chrono Boost)  
  88  7:05  Immortal  
  82  7:10  Probe (Chrono Boost)  
  82  7:12  Protoss Ground Weapons Level 1  
  82  7:14  Probe (Chrono Boost), Gateway  
  89  7:16  Probe (Chrono Boost), Gateway  
  89  7:17  Gateway  
  89  7:18  Gateway  
  89  7:21  Probe (Chrono Boost), Gateway  
  90  7:26  Templar Archives  
  91  7:30  Probe (Chrono Boost)  
  91  7:34  Probe (Chrono Boost)  
  92  7:37  Charge  
  92  7:39  Probe (Chrono Boost), Immortal  
  91  7:46  Probe (Chrono Boost)  
  91  7:49  Pylon  
  95  7:53  Probe (Chrono Boost)  
  95  7:55  Pylon x2  
  96  8:00  Pylon x2  
  96  8:02  Psionic Storm  
  96  8:06  Robotics Facility  
  96  8:13  High Templar x2  
  96  8:14  Immortal  
  104  8:30  Nexus  
  104  8:32  Pylon  
  104  8:33  Pylon  
  104  8:37  High Templar x2, Zealot x3  
  114  8:43  Photon Cannon  
  114  8:47  Zealot x3  
  114  8:48  Immortal x2  
  128  8:59  Pylon  
  128  9:05  Protoss Ground Weapons Level 2  
  128  9:11  High Templar x2  
  128  9:12  Zealot x6  
  128  9:16  Archon  
  142  9:22  Immortal  
  142  9:28  Immortal  
  144  9:45  Zealot x6  
  152  9:51  Pylon  
  152  9:52  Pylon  
  156  9:54  Pylon, Nexus  
  156  9:56  Pylon  
  156  10:01  Nexus  
  156  10:04  Zealot x2  
  150  10:10  Immortal  
  150  10:12  Immortal  
  150  10:13  Zealot  
  150  10:14  Zealot x2  
  150  10:25  Archon  
  138  10:31  High Templar x4, Zealot  
  138  10:35  Archon x2  
  148  10:37  Probe x2 (Chrono Boost)  
  148  10:40  Probe (Chrono Boost), Pylon  
  148  10:42  Assimilator  
  151  10:46  Assimilator  
  151  10:49  Probe (Chrono Boost), Immortal x2  
  156  11:02  Protoss Ground Weapons Level 3  
  154  11:06  High Templar x3  
  154  11:10  Zealot x5  
  162  11:23  Immortal  
  162  11:26  Pylon  
  166  11:36  High Templar x2  
  166  11:37  Zealot x3  
  176  11:40  Archon  
  176  11:42  Blink  
  176  11:48  Warp Prism  
  150  12:11  Stalker x8  
  150  12:14  Archon x2  
  144  12:34  Stalker x8  
  154  12:52  Nexus  
  154  12:57  Sentry x2  
  154  12:58  High Templar x4  
  164  12:59  Stalker x2  
  164  13:01  Probe (Chrono Boost)  
  164  13:03  Probe x3 (Chrono Boost), Archon  
  164  13:04  Pylon  
  164  13:05  Archon  
  174  13:07  Gateway  
  174  13:10  Gateway x2  
  174  13:12  Probe (Chrono Boost), Gateway  
  175  13:15  Probe x2 (Chrono Boost)  
  177  13:25  Protoss Ground Armor Level 1  
  177  13:27  Observer  
  178  13:35  Zealot x8  
  178  14:00  Zealot x8  
  184  14:17  Assimilator  
  184  14:20  Assimilator  
  184  14:22  High Templar x6  
  184  14:23  High Templar x4  
  198  14:24  Stalker x2  
  198  14:29  Archon x2  
  198  14:30  Archon x2  
  192  14:31  Archon  
  190  14:47  Photon Cannon  
  190  14:49  Photon Cannon  
  190  14:51  Photon Cannon  
  190  14:53  Photon Cannon  
  190  14:55  Photon Cannon  
  190  14:57  Pylon, Stalker x5  
  200  15:04  Fleet Beacon, Stargate  
  200  15:06  Stargate  
Tags
 
Add a new tag
Caveats
  • Supply blocks, unpowered buildings, or Contaminate may cause inaccurate times.
  • Supply counts are checked every 10 seconds.